 Dungeon Crawl Stone Soup version 0.30.1-9-gdf580d7c3d (webtiles) character file.

Game seed: 1067527190188151664

351 leafyfresh the Fighter (level 6, -1/62 HPs)
             Began as a Minotaur Fighter on Oct 26, 2023.
             Slain by a wraith (6 damage)
             ... in an ossuary.
             The game lasted 00:03:03 (2758 turns).

leafyfresh the Fighter (Minotaur Fighter)           Turns: 2758, Time: 00:03:04

Health: -1/62      AC:  6    Str: 23    XL:     6   Next: 34%
Magic:  5/5        EV:  9    Int:  5    God:
Gold:   168        SH:  4    Dex:  9    Spells: 5/5 levels left

rFire   . . .        a - +0 war axe
rCold   + . .        c - +0 buckler
rNeg    . . .        b - +0 scale mail
rPois   .            (helmet restricted)
rElec   .            (no cloak)
rCorr   .            (no gloves)
SInv    .            (no boots)
Will    .....        (no amulet) Stlth
                     l - ring of protection from cold
HPRegen 0.30/turn    (no ring)
MPRegen 0.09/turn

%: no passive effects
@: slowed, very slow
A: horns 2, retaliatory headbutt
a: no special abilities


You were in an ossuary.
You visited 1 branch of the dungeon, and saw 5 of its levels.
You also visited: Ossuary.

You collected 168 gold pieces.

Inventory:

Hand Weapons
 a - a +0 war axe (weapon)
Armour
 b - a +0 scale mail (worn)
 c - a +0 buckler (worn)
 k - a +0 helmet
Jewellery
 l - a ring of protection from cold (left hand)
Scrolls
 f - 2 scrolls of immolation {unknown}
 g - 3 scrolls of enchant armour {unknown}
 h - 6 scrolls of identify {unknown}
 n - a scroll of vulnerability {unknown}
 q - a scroll of teleportation {unknown}
 s - a scroll of fear {unknown}
 u - a scroll of acquirement {unknown}
 v - a scroll of torment {unknown}
Potions
 d - 2 potions of might
 e - 2 potions of attraction {unknown}
 i - a potion of mutation {unknown}
 j - a potion of curing {unknown}
 m - 4 potions of brilliance {unknown}
 o - a potion of invisibility {unknown}
 p - 4 potions of heal wounds {unknown}
 r - a potion of magic {unknown}
 t - a potion of degeneration {unknown}


   Skills:
 + Level 8.7 Fighting
 - Level 2.4 Axes
 - Level 3.6 Armour
 - Level 3.6 Shields


You had 5 spell levels left.
You didn't know any spells.
Your spell library contained the following spells:

 Spells                   Type           Power      Damage    Failure   Level
 Blink                    Tloc           0%         N/A       94%         2
 Manifold Assault         Tloc           0%         N/A       100%        4
 Storm Form               Tmut/Air       0%         N/A       100%        7


Dungeon Overview and Level Annotations

Branches:
Dungeon (6/15)            Ossuary (1/1)
 Temple: D:4-7

Altars:

Shops:
D:1 =   D:3 :


Innate Abilities, Weirdness & Mutations

You have a pair of horns on your head.
You reflexively headbutt those who attack you in melee.


Message History

You closely miss the wraith. Your headbutt misses the wraith.
The wraith is moderately damaged.
The wraith hits you but does no damage. You block the wraith's attack.
A wraith is nearby!
You hit the wraith but do no damage. Your headbutt misses the wraith.
The wraith is moderately damaged.
The wraith hits you! The wraith drains your vigour!
You feel as though you will be slow longer.
The wraith hits you but does no damage.
A wraith is nearby!
You closely miss the wraith.
The wraith is moderately damaged.
The wraith hits you! The wraith drains your vigour!
You feel as though you will be slow longer.
The wraith misses you. You furiously retaliate!
You headbutt the wraith. You closely miss the wraith.
You headbutt the wraith, but do no damage.
The wraith is moderately damaged.
You block the wraith's attack. The wraith hits you!
The wraith drains your vigour!
You feel as though you will be slow longer.
You hit the wraith.
You headbutt the wraith, but do no damage.
The wraith is heavily damaged.
The wraith hits you!
* * * LOW HITPOINT WARNING * * *
The wraith drains your vigour!
You feel as though you will be slow longer.
The wraith hits you!
* * * LOW HITPOINT WARNING * * *
The wraith drains your vigour!
You feel as though you will be slow longer.
You slash the wraith!
The wraith is almost destroyed.
The wraith hits you!
* * * LOW HITPOINT WARNING * * *
The wraith drains your vigour!
You feel as though you will be slow longer.
The wraith hits you.
You die...

#......................
#......................
#..####......###......#
#..#.'...8...#.#...8...
#..####......#'#......#
#............#.#.......
#......................
#..####.####.....####.#
#..#!W@.#.'...8...'.#..
#..####.####.....####.#
#......................
#............#.#.......
#..####......#'#......#
#..# +...8...#.#...8...
#..####......###......#
#......................
#......................


You could see a wraith.

Vanquished Creatures
  5 hounds (D:5)
  4 mummies
  4 adders
  5 gnolls (D:5)
  2 dart slugs
  4 bats
  6 endoplasms
  5 giant cockroaches
  5 goblins
  5 jackals
  7 kobolds
  A quokka (D:2)
  A frilled lizard (D:1)
  2 gnoll zombies (Ossuary)
  2 goblin zombies (Ossuary)
  5 hobgoblin zombies (Ossuary)
  5 kobold zombies (Ossuary)
  4 rats
72 creatures vanquished.

Notes
Turn   | Place    | Note
-------+----------+-------------------------------------------
     0 | D:1      | leafyfresh the Minotaur Fighter began the quest for the
                  | Orb.
     0 | D:1      | Reached XP level 1. HP: 19/19 MP: 0/0
    17 | D:1      | Found a faded altar of an unknown god.
    46 | D:1      | Reached skill level 4 in Fighting
   111 | D:1      | Reached XP level 2. HP: 24/28 MP: 1/1
   227 | D:1      | Found Soityin's Jewellery Boutique.
   330 | D:1      | Reached skill level 5 in Fighting
   546 | D:1      | Reached XP level 3. HP: 36/36 MP: 2/2
  1028 | D:2      | Reached XP level 4. HP: 44/44 MP: 3/3
  1040 | D:2      | Reached skill level 6 in Fighting
  1550 | D:3      | Found Atupicwe's Book Emporium.
  1599 | D:3      | You fall into a shaft and drop 3 floors!
  1603 | D:5      | Entered Level 5 of the Dungeon
  1737 | D:5      | Reached XP level 5. HP: 46/51 MP: 4/4
  1759 | D:5      | Reached skill level 7 in Fighting
  1968 | D:5      | Reached skill level 8 in Fighting
  2125 | D:5      | Reached XP level 6. HP: 62/62 MP: 5/5
  2170 | D:5      | Found a sand-covered staircase.
  2179 | Ossuary  | Entered an ossuary
  2179 | Ossuary  | Noticed a wraith
  2179 | Ossuary  | Noticed a wraith
  2179 | Ossuary  | Noticed a wraith
  2749 | Ossuary  | Noticed a wraith
  2758 | Ossuary  | Slain by a wraith

Illustrated notes

Levels and vault maps discovered:
D:1:      mushboom_english_gardens, layout_loops_ring,
          shapermc_ecumenical_altar_mp_ritualfount, serial_shops,
          nicolae_shop_real_fake_doors
D:2:      layout_basic, serial_glass, glass_columns_b, glass_columns_b
D:3:      layout_loops_ring, serial_shops, shop, uniq_crazy_yiuf_cottage
D:5:      layout_cave_pods, minmay_temple_entry_large_hall, serial_gnoll_camp,
          gnoll_camp_mini_shop, gnoll_camp_mini_doghouse,
          gnoll_camp_mini_doghouse, gnoll_camp_mini_loothouse,
          nicolae_ossuary_entry_giza
D:6:      layout_gridville, yredelemnul_forgotten_temple_becter,
          eino_small_chamber_without_monster, serial_bayou_pond_e
Ossuary:  ossuary_kennysheep_city_of_the_dead

Skill      XL: |  1  2  3  4  5 |
---------------+----------------+-----
Fighting       | 4 5 6 8 |  8.7
Axes           | |  2.4
Armour         | |  3.6
Shields        | |  3.6

Action                     |  1- 3 |  4- 6 || total
---------------------------+-------+-------++-------
  Melee: War axe           |    62 |    89 ||   151
         Headbutt          |    10 |    15 ||    25
 Armour: Scale mail        |    33 |    34 ||    67
  Dodge: Dodged            |    32 |    49 ||    81
  Block: Buckler           |    13 |    28 ||    41
